 Dungeon Crawl Stone Soup version 0.19.1-1-g22dce08 (webtiles) character file.

161 Dolanko the Slasher (level 5, -1/45 HPs)
             Began as a Draconian Gladiator on Dec 28, 2016.
             Succumbed to marsu's ghost's poison
             ... on level 4 of the Dungeon.
             The game lasted 00:03:50 (2820 turns).

Dolanko the Slasher (Draconian Gladiator)           Turns: 2820, Time: 00:03:51

Health: -1/45      AC:  5    Str: 17    XL:     5   Next: 19%
Magic:  5/23       EV: 13    Int:  8    God:
Gold:   88         SH:  0    Dex: 13    Spells: 0 memorised, 4 levels left

rFire  . . .     SeeInvis .     a - +0 long sword
rCold  . . .     Gourm    .     (armour unavailable)
rNeg   . . .     Faith    .     (no shield)
rPois  .         Spirit   +     b - +0 hat
rElec  .         Reflect  .     (no cloak)
rCorr  .         Harm     .     (no gloves)
MR     .....                    (no boots)
Stlth  +.........               r - amulet of guardian spirit
                                t - ring of magical power
                                e - ring of magical power

@: lethally poisoned (-1 -> -46), flying
A: unfitting armour, cold-blooded, AC +5
a: no special abilities


You were on level 4 of the Dungeon.
You were not hungry.

You visited 1 branch of the dungeon, and saw 4 of its levels.

You collected 178 gold pieces.
You spent 90 gold pieces at shops.

Inventory:

Hand Weapons
 a - a +0 long sword (weapon)
Missiles
 c - 3 throwing nets (quivered)
Armour
 b - a +0 hat (worn)
Jewellery
 e - a ring of magical power (left hand)
 r - an amulet of guardian spirit (around neck)
 t - a ring of magical power (right hand)
Scrolls
 g - 2 scrolls of teleportation
 h - 2 scrolls of blinking
 i - a scroll of magic mapping
 j - a scroll of remove curse
 l - 2 scrolls of enchant weapon
 m - 3 scrolls of identify {unknown}
 n - 2 scrolls of recharging {unknown}
 o - a scroll of random uselessness {unknown}
 q - 2 scrolls of noise {unknown}
Potions
 p - a potion of flight
Comestibles
 d - a bread ration
 k - 3 fruits
 s - 3 meat rations


   Skills:
 + Level 3.3 Fighting
 * Level 4.8 Long Blades
 - Level 1.7 Throwing
 + Level 3.5 Dodging


You had 4 spell levels left.
You didn't know any spells.

Dungeon Overview and Level Annotations

Branches:
Dungeon (4/15)             Temple (0/1) D:4

Altars:
Kikubaaqudgha
Nemelex Xobeh

Shops:
D:4 *

Annotations:
D:4 marsu's ghost, novice OpAs


Innate Abilities, Weirdness & Mutations

Your plain brown scales are hard. (AC +5)
You cannot fit into any form of body armour.
You are cold-blooded and may be slowed by cold attacks.


Message History

* * * LOW HITPOINT WARNING * * *
You feel very sick.
Marsu's ghost hits you but does no damage.
You are more poisoned.
You hit marsu's ghost but do no damage. You tail-slap marsu's ghost.
Marsu's ghost is severely damaged.
* * * LOW HITPOINT WARNING * * *
You feel very sick. Marsu's ghost misses you.
You riposte.
You miss marsu's ghost.
Marsu's ghost is severely damaged.
You closely miss marsu's ghost.
Your tail-slap misses marsu's ghost.
Marsu's ghost is severely damaged.
* * * LOW HITPOINT WARNING * * *
You feel very sick. Marsu's ghost hits you.
* * * LOW HITPOINT WARNING * * *
You are more poisoned.
You hit marsu's ghost but do no damage.
Marsu's ghost is severely damaged.
You die...

... .. ##.
####..###
##.......##
.#.........##
.........!..#
..>....W@...#######
.............<....#
?#................#
.<....#8..........#
.....$............#
.#..8.∩.8........#
#...#.##........#
#....8.#........#
#...............#


You could see marsu's ghost.

Vanquished Creatures
  A hound (D:4)
  A worker ant (D:3)
  A worker ant zombie (D:3)
  3 adders (D:3)
  An ooze (D:4)
  2 worms
  2 dart slugs
  3 leopard geckos
  An orc (D:3)
  A ball python (D:3)
  4 giant cockroaches
  4 goblins
  3 hobgoblins
  10 kobolds
  A quokka (D:3)
  4 bats
  9 frilled lizards
  6 rats
57 creatures vanquished.

Notes
Turn   | Place    | Note
-------+----------+-------------------------------------------
     0 | D:1      | Dolanko the Draconian Gladiator began the quest for the Orb.
     0 | D:1      | Reached XP level 1. HP: 17/17 MP: 1/1
   115 | D:1      | Reached XP level 2. HP: 25/25 MP: 2/2
   762 | D:2      | Found a sparkling altar of Nemelex Xobeh.
   899 | D:2      | Reached XP level 3. HP: 30/30 MP: 3/3
  1779 | D:3      | Reached skill level 4 in Long Blades
  2081 | D:3      | Reached XP level 4. HP: 31/37 MP: 4/4
  2342 | D:3      | Found an ancient bone altar of Kikubaaqudgha.
  2557 | D:4      | Found Fonaiwikk's General Store.
  2584 | D:3      | Reached XP level 5. HP: 31/45 MP: 5/5
  2782 | D:4      | Found a staircase to the Ecumenical Temple.
  2784 | D:4      | Noticed marsu's ghost (novice OpAs)
  2785 | D:4      | Bought a scroll of enchant weapon for 90 gold pieces
  2819 | D:4      | HP: 2/45 [marsu's ghost (1)]
  2820 | D:4      | Succumbed to marsu's ghost's poison

Skill      XL: |  1  2  3  4 |
---------------+-------------+-----
Dodging        | 3 |  3.5
Long Blades    | 4 |  4.8
Fighting       | 3 |  3.3
Throwing       | |  1.7

Action                   |  1- 3 |  4- 6 || total
-------------------------+-------+-------++-------
Melee: Long sword        |   127 |    68 ||   195
       Tailslap          |    13 |    12 ||    25
  Use: Scroll            |       |     4 ||     4
       Potion            |       |     5 ||     5
 Stab: Distracted        |     1 |       ||     1
       Sleeping          |     1 |       ||     1
  Eat: Chunk             |     3 |     1 ||     4
       Bread ration      |       |     1 ||     1
Armor: Skin              |    35 |    31 ||    66
Dodge: Dodged            |    95 |    57 ||   152
       Rpst.: Long sword |    27 |    19 ||    46
